 Dungeon Crawl Stone Soup version 0.30.0-10-gfe55d96785 (webtiles) character file.

Game seed: 2144398885593976258

92180 sasquatch the Devastator (level 15, -5/121 HPs)
             Began as a Yellow Draconian Conjurer on May 14, 2023.
             Was a High Priest of Vehumet.
             Killed from afar by a will-o-the-wisp (24 damage)
             ... with a foxfire
             ... on level 4 of the Swamp.
             The game lasted 01:10:12 (28140 turns).

sasquatch the Devastator (DrCj)                    Turns: 28140, Time: 01:10:13

Health: -5/121     AC: 14    Str: 11    XL:     15   Next: 57%
Magic:  37/38      EV: 13    Int: 28    God:    Vehumet [*****.]
Gold:   1630       SH:  3    Dex:  9    Spells: 7/34 levels left

rFire   . . .        c - staff of conjuration
rCold   + + +        U - +1 buckler {AC+3}
rNeg    . . .        (body armour unavailable)
rPois   .            (helmet restricted)
rElec   +            N - scarf {repulsion}
rCorr   +            T - +0 pair of gloves of Koilada {rElec rC+++ rCorr Int-3}
SInv    .            C - +0 pair of boots
Will    +....        r - amulet of regeneration
Stlth   ++           P - ring of magical power
HPRegen 1.20/turn    g - +6 ring of intelligence
MPRegen 0.26/turn

%: repel missiles
@: lethally poisoned (-5 -> -11), about to teleport
A: spit acid, AC +9, unfitting armour, acidic bite, cold-blooded, acid
resistance
a: Breathe Acid, Renounce Religion


You were on level 4 of the Swamp.
You worshipped Vehumet.
Vehumet was extremely pleased with you.
You visited 5 branches of the dungeon, and saw 21 of its levels.
You also visited: Volcano.

You collected 1710 gold pieces.
You spent 80 gold pieces at shops.

Inventory:

Missiles
 y - 4 throwing nets
Armour
 C - a +0 pair of boots (worn)
 N - a scarf of repulsion (worn)
 T - the +0 pair of gloves of Koilada (worn) {rElec rC+++ rCorr Int-3}
   (You found it on level 2 of the Swamp)

   Int:       It affects your intelligence (-3).
   rC:        It renders you almost immune to cold.
   rElec:     It insulates you from electricity.
   rCorr:     It protects you from acid and corrosion.
 U - a +1 buckler of protection (worn)
Magical Staves
 c - a staff of conjuration (weapon)
Jewellery
 g - a +6 ring of intelligence (right hand)
 l - an amulet of the acrobat
 r - an amulet of regeneration (around neck)
 P - a ring of magical power (left hand)
 R - a ring of positive energy
 S - a ring of protection from cold
Wands
 z - a wand of paralysis (13)
 D - a wand of polymorph (12)
 G - a wand of flame (11)
 H - a wand of mindburst (30)
 J - a wand of quicksilver (40)
 M - a wand of digging (19)
Scrolls
 b - 5 scrolls of immolation
 d - 2 scrolls of amnesia
 j - 4 scrolls of teleportation
 k - 3 scrolls of poison
 n - 2 scrolls of fog
 q - a scroll of fear
 v - 8 scrolls of enchant armour
 w - a scroll of silence
 A - a scroll of magic mapping {unknown}
 F - a scroll of vulnerability {unknown}
Potions
 a - 3 potions of magic
 e - a potion of heal wounds
 f - a potion of berserk rage
 i - 2 potions of resistance
 m - 11 potions of curing
 o - a potion of flight
 s - 6 potions of brilliance
 t - a potion of attraction {unknown}
 u - 5 potions of haste
 x - 2 potions of ambrosia
 I - 4 potions of mutation {unknown}
 K - 7 potions of might
 L - 3 potions of cancellation {unknown}
 Q - a potion of lignification


   Skills:
 - Level 8.0 Fighting
 - Level 8.0 Dodging
 - Level 3.0 Stealth
 - Level 10.0 Spellcasting
 + Level 15.5 Conjurations
 - Level 6.0 Translocations
 + Level 15.5 Fire Magic
 - Level 6.0 Air Magic
 - Level 6.0 Earth Magic


You had 7 spell levels left.
You knew the following spells:

 Your Spells              Type           Power      Damage    Failure   Level
a - Magic Dart            Conj           100%       1d8       0%          1
b - Searing Ray           Conj           100%       2d8       0%          2
c - Starburst             Conj/Fire      50%        6d14      1%          6
d - Blink                 Tloc           94%        N/A       1%          2
e - Iskenderun's Mystic   Conj/Tloc      84%        2d17      1%          4
f - Fireball              Conj/Fire      50%        3d20      1%          5
g - Foxfire               Conj/Fire      100%       2x1d9     0%          1
h - Stone Arrow           Conj/Erth      100%       3d13      1%          3
i - Swiftness             Air            47%        N/A       1%          3

Your spell library contained the following spells:

 Spells                   Type           Power      Damage    Failure   Level
 Freezing Cloud           Conj/Ice/Air   34%        6-21      2%          5
 Kiss of Death            Conj/Necr      100%       2d13      1%          1
 Shock                    Conj/Air       100%       1d9       1%          1
 Lesser Beckoning         Tloc           94%        N/A       1%          2
 Dazzling Flash           Conj/Hex       100%       N/A       1%          3
 Gell's Gravitas          Tloc           47%        N/A       1%          3
 Teleport Other           Tloc           47%        N/A       1%          3
 Airstrike                Air            23%        2d(4-20)  1%          4
 Fulminant Prism          Conj/Hex       36%        3d17      1%          4
 Plasma Beam              Fire/Air       32%        2x1d50    3%          6
 Manifold Assault         Tloc           47%        N/A       4%          4
 Confusing Touch          Hex            14%        N/A       17%         3
 Dispel Undead            Necr           14%        3d10      50%         4
 Summon Ice Beast         Ice/Summ       14%        N/A       50%         4
 Summon Mana Viper        Hex/Summ       14%        N/A       85%         5
 Monstrous Menagerie      Summ           7%         N/A       100%        7
 Storm Form               Tmut/Air       15%        N/A       100%        7
 Lehudib's Crystal Spear  Conj/Erth      42%        10d10     71%         8
 Animate Armour           Summ/Erth      Unusable   N/A       N/A         4

Dungeon Overview and Level Annotations

Branches:
Dungeon (9/15)             Temple (1/1) D:5            Lair (5/5) D:8
  Swamp (4/4) Lair:2        Snake (0/4) Lair:3        Slime (0/5) Lair:5
    Orc (2/2) D:9         Volcano (visited)
    Elf: Orc:2

Altars:
Ashenzari
Cheibriados
Dithmenos
Elyvilon
Fedhas
Gozag
Hepliaklqana
Kikubaaqudgha
Makhleb
Nemelex Xobeh
Okawaru
Sif Muna
Uskayaw
Vehumet
Wu Jian
Yredelemnul
Zin

Shops:
D:3 (   D:7 (   D:8 (   Orc:1 !(

Annotations:
Lair:2 2 transporters, Ciovowug's ghost, journeyman DrTm
Orc:2 Saint Roka


Innate Abilities, Weirdness & Mutations

You can spit globs of acid.
Your golden yellow scales are hard. (AC +9)
You cannot fit into any form of body armour.
You have acidic saliva.
You are cold-blooded and may be slowed by cold attacks.
You are resistant to acid. (rCorr)


Message History

Your surroundings suddenly seem different.
Splash!
A swamp dragon comes into view.
Found 14 gold pieces and a falchion.
You feel sick.
The swamp dragon roars deafeningly!
The swamp dragon moves out of view.
Unknown command.
You start resting.
You feel sick. x2
You are no longer poisoned.
Found a scroll of fear.
You see here a +0 falchion.
You enter the shallow water.
Moving in this stuff is going to be slow.
As you read the scroll of teleportation, it crumbles to dust.
You feel strangely unstable.
Unknown command.
You enter the shallow water.
Moving in this stuff is going to be slow.
Your surroundings suddenly seem different.
A will-o-the-wisp and a swamp dragon come into view.
Found a scroll labelled ZUTYMEEQIU.
The will-o-the-wisp gives a chilling moan.
The swamp dragon roars deafeningly!
The swamp drake roars!
The swamp dragon breathes poison at you.
The blast of poison misses you.
The will-o-the-wisp gestures.
The will-o-the-wisp conjures some foxfire!
The will-o-the-wisp gestures.
The will-o-the-wisp conjures some foxfire!
You hear a roar! 4 foxfires come into view.
As you read the scroll of teleportation, it crumbles to dust.
You feel strangely unstable.
You are engulfed in poison gas.
You are poisoned.
You feel very sick. The foxfire hits you!!
* * * LOW HITPOINT WARNING * * *
The foxfire hits you!
* * * LOW HITPOINT WARNING * * *
The foxfire hits you!!
You die...

?§.~~~
...~~~
.~.§♣
♣♣♣§..~#
♣§vvk~♣
♣♣§§☼.~♣#
♣○Dv○.~.#
♣☼@○.~.~♣
♣○☼♣♣..~~♣
# ♣♣♣♣ ♣~~
# #♣♣
#♣♣~~
.~.♣~~.~
♣~~~~.(
♣.~~~..
♣♣.♣♣♣.


You could see a swamp dragon (catching breath), a will-o-the-wisp and a swamp
drake.

Vanquished Creatures
  A thorn hunter (Swamp:2)
  A fenstrider witch (Swamp:2)
  4 eleionomae
  5 bunyips
  A shambling mangrove (Swamp:4)
  A fire dragon (shapeshifter) (D:9)
  15 hydras
  2 ghost crabs
  A spriggan air mage (Swamp:1)
  A boulder beetle (Lair:5)
  A centaur warrior (D:9)
  18 death yaks
  7 alligators
  A fire crab (Lair:5)
  2 skysharks (Lair:5)
  5 goliath frogs
  2 spriggan druids (Swamp:2)
  4 bog bodies
  4 swamp dragons
  A deep elf archer (Volcano)
  2 orc knights
  6 deep elf pyromancers (Volcano)
  An ugly thing (D:6)
  3 oklob plants (Lair:5)
  A wolf spider (Lair:5)
  A salamander (Lair:3)
  3 will-o-the-wisps
  3 elephants (Lair:4)
  A guardian serpent (Lair:5)
  7 black mambas
  15 cane toads
  Psyche (D:9)
  Maggie (D:7)
  A kobold demonologist (D:9)
  A rime drake (Lair:5)
  6 komodo dragons
  3 trolls (Orc:2)
  A bloated husk (Swamp:1)
  13 hornets
  Grinder (D:4)
  3 tyrant leeches
  A tarantella (shapeshifter) (D:9)
  A slime creature (D:9)
  4 dream sheep (Lair:5)
  8 blink frogs
  11 spriggans
  A shadow (D:9)
  40 yaks
  A wraith (D:9)
  15 wyverns
  3 basilisks
  4 fire elementals (Volcano)
  6 vampire mosquitoes
  A redback (Lair:5)
  14 swamp worms
  6 wargs
  21 water moccasins
  5 hell hounds (Volcano)
  3 swamp drakes (Swamp:1)
  A black bear (Lair:3)
  8 orc warriors
  4 centaurs
  4 ogres
  7 bullfrogs
  4 kobold brigands
  3 scorpions (D:4)
  13 wights
  2 howler monkeys
  7 electric eels
  4 lava snakes (Lair:3)
  2 hounds
  4 jellies (D:6)
  2 sleepcaps
  Jessica (D:2)
  2 gnoll boudas
  An iguana (D:6)
  10 orc wizards
  6 adders
  9 gnolls
  3 white imps
  2 ufetubi
  2 worms
  2 dart slugs
  28 orcs
  15 ball pythons
  7 bats
  8 endoplasms
  3 giant cockroaches
  8 goblins
  A hobgoblin (D:1)
  5 jackals
  23 kobolds
  A frilled lizard (D:1)
  9 rats
507 creatures vanquished.

Vanquished Creatures (others)
  203 foxfires
  A fulminant prism (Lair:1)
204 creatures vanquished.

Grand Total: 711 creatures vanquished

Notes
Turn   | Place    | Note
-------+----------+-------------------------------------------
     0 | D:1      | sasquatch the Draconian Conjurer began the quest for the
                  | Orb.
     0 | D:1      | Reached XP level 1. HP: 14/14 MP: 3/3
   170 | D:1      | Reached XP level 2. HP: 20/20 MP: 3/5
   466 | D:1      | Learned a level 2 spell: Searing Ray
   695 | D:1      | Reached XP level 3. HP: 26/26 MP: 2/6
   866 | D:1      | Found a faded altar of an unknown god.
  1470 | D:2      | Noticed Jessica
  1475 | D:2      | Killed Jessica
  1476 | D:2      | Reached XP level 4. HP: 33/33 MP: 3/8
  2100 | D:2      | Reached XP level 5. HP: 32/38 MP: 1/9
  2524 | D:3      | Learned a level 3 spell: Dazzling Flash
  2702 | D:3      | Found a glowing silver altar of Zin.
  3172 | D:3      | Found Higel's Weapon Boutique.
  3357 | D:3      | Found a snail-covered altar of Cheibriados.
  3893 | D:4      | Learned a level 4 spell: Fulminant Prism
  3971 | D:4      | Noticed an ogre
  3976 | D:4      | Killed an ogre
  3977 | D:4      | Reached skill level 5 in Conjurations
  3977 | D:4      | Reached XP level 6. HP: 45/45 MP: 3/11
  5056 | D:4      | Noticed Grinder
  5064 | D:4      | Paralysed by Grinder for 5 turns
  5080 | D:4      | Killed Grinder
  5081 | D:4      | Your scales start taking on a golden yellow colour.
  5081 | D:4      | Reached XP level 7. HP: 50/50 MP: 0/13
  5081 | D:4      | Gained mutation: You are resistant to acid. (rCorr) [Yellow
                  | Draconian growth]
  5332 | D:5      | Entered Level 5 of the Dungeon
  5610 | D:5      | Found a white marble altar of Elyvilon.
  5878 | D:5      | Learned a level 4 spell: Iskenderun's Mystic Blast
  5940 | D:5      | Found a staircase to the Ecumenical Temple.
  5948 | Temple   | Entered the Ecumenical Temple
  6002 | Temple   | Became a worshipper of Vehumet
  6430 | D:5      | Found a hide-covered altar of Uskayaw.
  6516 | D:6      | Reached skill level 1 in Translocations
  6908 | D:6      | Identified the +7 short sword "Bamyarph" {freeze, rF+
                  | Dex+3}
  7012 | D:6      | Reached XP level 8. HP: 57/57 MP: 8/15
  7049 | D:6      | Reached skill level 5 in Spellcasting
  7277 | D:6      | Reached * piety under Vehumet
  7277 | D:6      | Offered knowledge of Kiss of Death by Vehumet.
  7329 | D:6      | Learned a level 3 spell: Swiftness
  7712 | D:6      | Noticed a cyan ugly thing
  7725 | D:6      | Killed a cyan ugly thing
  8537 | D:6      | Identified the +3 great sword "Jeuw Zus" {flame, Fragile
                  | rF+ rC++}
  8581 | D:6      | Reached XP level 9. HP: 38/62 MP: 10/17
  9541 | D:7      | Reached skill level 10 in Conjurations
  9658 | D:7      | Found Ujeborar's Weapon Shop.
  9796 | D:7      | Noticed Maggie
  9806 | D:7      | Killed Maggie
  9807 | D:7      | Reached skill level 5 in Translocations
 10048 | D:8      | Found Tebing's Weapon Shop.
 10056 | D:8      | Learned a level 1 spell: Foxfire
 10194 | D:8      | Reached skill level 1 in Air Magic
 10360 | D:8      | Found a staircase to the Lair.
 10592 | D:8      | Offered knowledge of Momentum Strike by Vehumet.
 10651 | D:8      | Reached ** piety under Vehumet
 11199 | D:8      | Identified a scroll of acquirement
 11200 | D:8      | Acquired a book of Armaments
 11221 | D:9      | Found a staircase to the Orcish Mines.
 11295 | D:9      | Noticed a komodo dragon
 11325 | D:8      | Reached XP level 10. HP: 46/69 MP: 3/19
 11925 | D:9      | Reached skill level 5 in Air Magic
 11928 | D:9      | Offered knowledge of Frozen Ramparts by Vehumet.
 12023 | D:9      | Learned a level 3 spell: Stone Arrow
 12042 | D:9      | Noticed a centaur warrior
 12061 | D:9      | Killed a centaur warrior
 12434 | D:9      | Noticed a fire dragon
 12452 | Lair:1   | Entered Level 1 of the Lair of Beasts
 12464 | Lair:1   | Noticed a cane toad
 12471 | Lair:1   | Killed a cane toad
 13257 | Lair:1   | Noticed a cane toad
 13261 | Lair:1   | Killed a cane toad
 13262 | Lair:1   | Reached skill level 1 in Fire Magic
 13262 | Lair:1   | Reached skill level 1 in Earth Magic
 13262 | Lair:1   | Reached XP level 11. HP: 74/74 MP: 16/23
 13517 | Lair:1   | You fall into a shaft and drop 1 floor!
 13741 | Lair:1   | Reached *** piety under Vehumet
 14320 | Lair:2   | Found a staircase to the Swamp.
 14428 | Lair:2   | Found a transporter.
 14428 | Lair:2   | Found a transporter.
 14449 | Lair:2   | Noticed a seven-headed hydra
 14459 | Lair:2   | Killed a seven-headed hydra
 14460 | Lair:2   | Reached skill level 5 in Fire Magic
 14460 | Lair:2   | Noticed Ciovowug's ghost (journeyman DrTm)
 14548 | Lair:2   | Reached skill level 5 in Earth Magic
 15297 | Lair:2   | Learned a level 5 spell: Fireball
 15308 | Lair:2   | Learned a level 6 spell: Starburst
 15439 | Lair:3   | Identified the +9 war axe "Qeepnun" {speed, Dex+3}
 15952 | Lair:3   | Found a staircase to the Snake Pit.
 16386 | Lair:4   | Noticed a death yak
 16387 | Lair:4   | Noticed a death yak
 16392 | Lair:4   | Noticed a death yak
 16393 | Lair:4   | Noticed a death yak
 16490 | Lair:4   | Noticed a seven-headed hydra
 16496 | Lair:4   | Killed a seven-headed hydra
 16513 | Lair:4   | Found a dark tunnel.
 16552 | Volcano  | Entered a volcano
 16628 | Volcano  | Noticed a deep elf pyromancer
 16631 | Volcano  | Noticed a deep elf pyromancer
 16633 | Volcano  | Killed a deep elf pyromancer
 16634 | Volcano  | Reached XP level 12. HP: 81/81 MP: 24/24
 16762 | Volcano  | Offered knowledge of Hailstorm by Vehumet.
 17139 | Volcano  | Reached skill level 10 in Fire Magic
 17346 | Lair:4   | Noticed a death yak
 17348 | Lair:4   | Noticed a death yak
 17350 | Lair:4   | Noticed a death yak
 17465 | Lair:3   | Killed a death yak
 17626 | Lair:4   | Reached **** piety under Vehumet
 17750 | Lair:4   | Noticed a death yak
 17752 | Lair:4   | Noticed a death yak
 17753 | Lair:4   | Noticed a death yak
 17753 | Lair:4   | Noticed a death yak
 17756 | Lair:4   | Killed a death yak
 17757 | Lair:4   | Reached skill level 1 in Fighting
 17844 | Lair:4   | Noticed a death yak
 17844 | Lair:4   | Noticed a death yak
 17844 | Lair:4   | Noticed a death yak
 17844 | Lair:4   | Noticed a death yak
 17844 | Lair:4   | Noticed a death yak
 17973 | Lair:4   | Killed a death yak
 17980 | Lair:4   | Killed a death yak
 18014 | Lair:4   | Killed a death yak
 18076 | Lair:4   | Offered knowledge of Flame Wave by Vehumet.
 18739 | Lair:4   | Noticed a death yak
 18741 | Lair:4   | Killed a death yak
 18746 | Lair:4   | Killed a death yak
 18750 | Lair:4   | Killed a death yak
 18918 | Lair:4   | Noticed a death yak
 18919 | Lair:4   | Killed a death yak
 18919 | Lair:4   | Killed a death yak
 18920 | Lair:4   | Reached XP level 13. HP: 99/99 MP: 19/25
 18923 | Lair:4   | Reached skill level 5 in Dodging
 18924 | Lair:4   | Reached skill level 5 in Fighting
 19247 | Lair:4   | Learned a level 2 spell: Blink
 19272 | Lair:5   | Entered Level 5 of the Lair of Beasts
 20398 | Lair:5   | Found a staircase to the Slime Pits.
 20738 | Lair:5   | Reached ***** piety under Vehumet
 20807 | Lair:5   | Offered knowledge of Conjure Ball Lightning by Vehumet.
 20855 | Lair:5   | Identified the +1 robe of Indecent Exposure {rN+ Regen+}
 21087 | Lair:5   | Gained mutation: You have acidic saliva. [Yellow Draconian
                  | growth]
 21087 | Lair:5   | Reached XP level 14. HP: 111/115 MP: 22/26
 22604 | D:9      | Noticed Psyche
 22606 | D:9      | Killed Psyche
 22664 | D:9      | Found a broken altar of Ashenzari.
 22795 | D:9      | Found a burning altar of Makhleb.
 23054 | Orc:1    | Entered Level 1 of the Orcish Mines
 23418 | Orc:1    | Found Axaorghyo's Distillery.
 23458 | Orc:1    | Bought a potion of brilliance for 40 gold pieces
 23458 | Orc:1    | Bought a potion of brilliance for 40 gold pieces
 23478 | Orc:1    | Found Magehitu's Antique Weapon Shop.
 23533 | Orc:2    | Entered Level 2 of the Orcish Mines
 23551 | Orc:2    | Noticed Saint Roka
 23743 | Swamp:1  | Entered Level 1 of the Swamp
 24080 | Swamp:1  | Offered knowledge of Sticky Flame by Vehumet.
 24887 | Swamp:2  | Reached skill level 10 in Spellcasting
 24889 | Swamp:2  | Noticed a thorn hunter
 24893 | Swamp:2  | Found a white marble altar of Elyvilon.
 25166 | Swamp:2  | Killed a thorn hunter
 25777 | Swamp:2  | Noticed a fenstrider witch
 25920 | Swamp:2  | Paralysed by a fenstrider witch for 3 turns
 25924 | Swamp:2  | Killed a fenstrider witch
 25980 | Swamp:2  | Reached XP level 15. HP: 115/121 MP: 26/29
 26152 | Swamp:2  | Identified the +0 pair of gloves of Koilada {rElec rC+++
                  | rCorr Int-3}
 26672 | Swamp:3  | Offered knowledge of Freezing Cloud by Vehumet.
 27010 | Swamp:3  | Reached skill level 15 in Fire Magic
 27014 | Swamp:3  | Reached skill level 15 in Conjurations
 27576 | Swamp:4  | Entered Level 4 of the Swamp
 27589 | Swamp:4  | HP: 1/121 [alligator (13)]
 28140 | Swamp:4  | Killed from afar by a will-o-the-wisp

Illustrated notes

Levels and vault maps discovered:
D:1:      reono_arrival_mine, layout_rooms, ebering_ecumenical_altar_webs
D:2:      layout_basic, grunt_ministairs_14, uniq_jessica
D:3:      layout_basic, cheibriados_altar_1, mainiacjoe_overflow_chevrons,
          serial_shops, shop
D:4:      layout_gridville, chequers_serial_rivers_large_a, serial_park_tiny_1,
          uniq_grinder, uniq_crazy_yiuf_cottage
D:5:      layout_loops_ring, minitemple, minmay_temple_entry_gardened_gates,
          minivault_1, nicolae_elevator_lobby_asterisk
D:6:      cheibrodos_two_vegetables, layout_basic, kennysheep_generic_room_13
D:7:      layout_loops_cross, serial_shops, nicolae_shop_behind_doors,
          minmay_misc_feat_hallway, uniq_maggie
D:8:      layout_loops_cross, lair_entry_dummy, serial_shops,
          nicolae_shop_bloodbath_and_beyond
D:9:      minmay_bloctagon_deflated, layout_long_grid, general_overflow_altar,
          ashenzari_conservatory_becter, david_orc_3, uniq_psyche
Temple:   nicolae_temple_bog_church
Lair:1:   layout_layer_cave
Lair:2:   layout_chaotic_city, swamp_mist_pool, gammafunk_ghost_hive
Lair:3:   layout_hall_layers, nicolae_snake_entry_warm_welcome
Lair:4:   layout_cave_pods, nicolae_volcano_entry_two_sided, grunt_megastairs_4,
          infiniplex_staircase_pool_2
Lair:5:   hangedman_lair_tendril_chambers, layout_cave_pods, slime_entry_1,
          dpeg_oklob_1, grunt_megastairs_5, lemuel_fruit_tree
Swamp:1:  layout_basic_swamp, serial_swamp_ruin, evilmike_swamp_ruin_house_1,
          evilmike_swamp_ruin_house_4, evilmike_swamp_ruin_house_6, swamp_pool5,
          nicolae_swamp_big_swirl
Swamp:2:  layout_basic_swamp, basic_altar, swamp_pool3
Swamp:3:  layout_basic_swamp, nicolae_swamp_rocky_clearing
Swamp:4:  swamp, layout_basic_swamp
Orc:1:    layout_caves, basic_altar, serial_shops, nicolae_lakefront_shop,
          nicolae_shop_tiny_statue_garden, nicolae_square_shop,
          nicolae_shop_crystal
Orc:2:    kennysheep_orc_mage_school, layout_caves, serial_shops, shop,
          kennysheep_orc_sif_temple, uniq_saint_roka

Skill      XL: |  1  2  3  4  5  6  7  8  9 10 11 12 13 14 15 |
---------------+----------------------------------------------+-----
Dodging        | 2 3 4 8 |  8.0
Stealth        | 2 3 |  3.0
Spellcasting   | 3 4 5 6 8 10 | 10.0
Conjurations   | 5 6 7 9 10 12 14 15 | 15.5
Translocations | 1 3 6 |  6.0
Air Magic      | 4 6 |  6.0
Fire Magic     | 1 8 12 14 15 | 15.5
Earth Magic    | 1 6 |  6.0
Fighting       | 4 8 |  8.0

Action                     |  1- 3 |  4- 6 |  7- 9 | 10-12 | 13-15 || total
---------------------------+-------+-------+-------+-------+-------++-------
  Melee: Whip              |    16 |       |    23 |       |       ||    39
         Tailslap          |     3 |       |     5 |     2 |     5 ||    15
         Great sword       |       |       |     1 |    14 |    12 ||    27
   Cast: Magic Dart        |    66 |    96 |    92 |     5 |     1 ||   260
         Searing Ray       |     4 |    15 |    56 |    14 |       ||    89
         Foxfire           |       |       |    49 |    66 |       ||   115
         Iskenderun's Myst |       |       |     3 |     7 |    19 ||    29
         Swiftness         |       |       |     1 |       |       ||     1
         Stone Arrow       |       |       |       |   236 |   243 ||   479
         Fulminant Prism   |       |       |       |     1 |       ||     1
         Fireball          |       |       |       |    12 |   191 ||   203
         Starburst         |       |       |       |       |     9 ||     9
Ability: Breathe Acid      |       |       |     9 |     4 |     5 ||    18
    Use: Scroll            |       |       |     6 |     7 |    19 ||    32
         Potion            |       |       |       |     1 |     8 ||     9
 Armour: Skin              |     9 |     5 |    28 |    44 |    69 ||   155
  Dodge: Dodged            |    17 |    12 |    85 |    64 |   115 ||   293
         Repelled          |       |       |       |       |     4 ||     4
  Block: Buckler           |       |       |       |       |     7 ||     7
